 Dungeon Crawl Stone Soup version 0.17-a0-1840-g87820a2 (webtiles) character file.

333 DecibelRebel the Chiller (level 6, 0/61 HPs)
             Began as a Merfolk Ice Elementalist on Sept 15, 2015.
             Succumbed to a worker ant's poison
             ... on level 4 of the Dungeon on Sept 16, 2015.
             The game lasted 00:23:16 (4342 turns).

DecibelRebel the Chiller (Merfolk Ice Elementalist) Turns: 4342, Time: 00:23:16

Health: 0/61       AC: 23    Str:  8    XL:     6   Next: 52%
Magic:  5/9        EV:  2    Int: 16    God:
Gold:   274        SH:  5    Dex: 15    Spells: 3 memorised, 3 levels left

rFire  . . .     SeeInvis .     f - +0 whip
rCold  . . .     Clarity  .     (armour currently unavailable)
rNeg   + + +     SustAt   .     r - +0 buckler
rPois  +         Gourm    .     (helmet currently unavailable)
rElec  .         Spirit   .     (cloak currently unavailable)
rCorr  .         Warding  .     (gloves currently unavailable)
rMut   .         NoTele   +     (boots currently unavailable)
MR     .....                    (no amulet)
Stlth  +++.......               (no ring)
                                (no ring)

@: lethally poisoned (0 -> -5), tree-form, not resistant to hostile
enchantments, fairly stealthy
A: (change form in water), (swift swim)
a: no special abilities


You were on level 4 of the Dungeon.
You were not hungry.
You were a tree.
You visited 1 branch of the dungeon, and saw 4 of its levels.

You collected 274 gold pieces.

Inventory:

Hand weapons
 f - a +0 whip (weapon)
Armour
 a - a +0 robe
 d - a +0 cloak
 m - a +0 leather armour (melded)
 r - a +0 buckler (worn)
 v - a +1 cloak (melded)
Jewellery
 h - an uncursed amulet of regeneration {unknown}
 n - a +2 ring of evasion {unknown}
Magical devices
 s - a wand of slowing (6)
 u - a wand of cold (12)
Scrolls
 e - 2 scrolls of magic mapping {unknown}
 g - 6 scrolls of identify {unknown}
 j - a scroll of enchant armour {unknown}
 o - 3 scrolls of teleportation {unknown}
 w - a scroll of random uselessness {unknown}
Potions
 i - a potion of lignification
 l - a potion of degeneration {unknown}
 p - a potion of agility {unknown}
 q - a potion of heal wounds {unknown}
Books
 b - a book of Frost

   Spells                             Type                      Level
   a - Freeze                         Ice                          1
   b - Throw Frost                    Conjuration/Ice              2
   c - Ozocubu's Armour               Charms/Ice                   3
   d - Throw Icicle                   Conjuration/Ice              4
   e - Summon Ice Beast               Ice/Summoning                4
   f - Condensation Shield            Ice                          4
Comestibles
 c - a bread ration
 k - 2 fruits
 t - a chunk of flesh


   Skills:
 - Level 3.0 Dodging
 - Level 2.1 Stealth
 + Level 2.6 Shields
 - Level 2.0 Spellcasting
 - Level 0.7 Conjurations
 * Level 7.0 Ice Magic


You had 3 spell levels left.
You knew the following spells:

 Your Spells              Type           Power        Failure   Level  Hunger
a - Freeze                Ice            ###.         1%          1    #......
b - Throw Frost           Conj/Ice       ##....       10%         2    ###....
c - Ozocubu's Armour      Chrm/Ice       ##......     17%         3    ###....


Dungeon Overview and Level Annotations

Branches:
Dungeon (4/15)
 Temple: D:4-7

Altars:
Vehumet
Xom
The Shining One


Message History

* * * LOW HITPOINT WARNING * * *
You hit the worker ant.
You kill the worker ant!
Your Ice Magic skill increases to level 7!
* * * LOW HITPOINT WARNING * * *
You feel sick.
* * * LOW HITPOINT WARNING * * *
You feel sick.
Some of the chunks of flesh in your inventory have rotted away.
You see here a halberd.
Read which item? (? for menu, Esc to quit)
Okay, then.
Drink which item? (? for menu, Esc to quit)
Okay, then.
Drink which item? (? for menu, Esc to quit)
It was a potion of lignification.
You turn into a tree.
Your +1 cloak melds into your body.
Your +0 leather armour melds into your body.
Your roots penetrate the ground.
You die...

##.## #.# ### #...# ######.##
# #...# #......(## # # #>..#
#........#######
#.###...######..###...##.>...
............#.[.......##.....
................#.#..........
#............#....<...##.....
#####...####♣#........##.....
#.#># #)#.##.##..#######
#<###. #.####.....# ##
###♣≈♣# #.#...#
#.≈≈..##.#...# ..§.._≈#.....#
### ≈.._#._#...### ##.#
..♣._..≈..#.### ##...
##......≈###...###....


There were no monsters in sight!

Vanquished Creatures
  A hound (D:4)
  Crazy Yiuf (D:3)
  2 worker ants (D:4)
  Jessica (D:2)
  Terence (D:2)
  3 gnolls (D:4)
  6 adders
  A shadow imp (D:4)
  3 worms
  3 giant geckos
  2 orcs (D:3)
  A giant cockroach (D:1)
  2 goblins
  5 hobgoblins
  9 kobolds
  2 quokkas
  2 ball pythons
  5 bats
  14 giant newts
  3 jackals (D:3)
  8 rats
75 creatures vanquished.

Notes
Turn   | Place    | Note
--------------------------------------------------------------
     0 | D:1      | DecibelRebel the Merfolk Ice Elementalist began the quest for the Orb.
     0 | D:1      | Reached XP level 1. HP: 13/13 MP: 3/3
   251 | D:1      | Reached XP level 2. HP: 14/19 MP: 1/5
   255 | D:1      | Learned a level 2 spell: Throw Frost
   626 | D:1      | Reached skill level 4 in Ice Magic
  1275 | D:2      | Reached XP level 3. HP: 24/24 MP: 1/6
  1640 | D:2      | Noticed Terence
  1659 | D:2      | Killed Terence
  1659 | D:2      | Reached skill level 5 in Ice Magic
  1659 | D:2      | Reached XP level 4. HP: 18/30 MP: 1/7
  1754 | D:2      | Found a radiant altar of Vehumet.
  2203 | D:2      | Noticed Jessica
  2213 | D:2      | Killed Jessica
  2373 | D:3      | Reached skill level 6 in Ice Magic
  2373 | D:3      | Reached XP level 5. HP: 29/35 MP: 8/8
  2692 | D:3      | Learned a level 3 spell: Ozocubu's Armour
  3329 | D:3      | Found a glowing golden altar of the Shining One.
  3442 | D:3      | Noticed Crazy Yiuf
  3453 | D:3      | Killed Crazy Yiuf
  3453 | D:3      | Reached skill level 1 in Shields
  3543 | D:4      | Upgraded the game from 0.17-a0-1837-g7c6a762 to 0.17-a0-1840-g87820a2
  3808 | D:4      | Reached XP level 6. HP: 12/41 MP: 1/9
  3937 | D:4      | Found a shimmering altar of Xom.
  3937 | D:4      | Found a shimmering altar of Xom.
  4049 | D:4      | Found a shimmering altar of Xom.
  4049 | D:4      | Found a shimmering altar of Xom.
  4049 | D:4      | Found a shimmering altar of Xom.
  4339 | D:4      | HP: 2/41 [worker ant (4)]
  4340 | D:4      | Reached skill level 7 in Ice Magic
  4342 | D:4      | Succumbed to a worker ant's poison

Vault maps used:
D:1:      minmay_arrival_hallway
D:2:      lemuel_round_altar, minmay_lizard_king, uniq_terence, uniq_jessica
D:3:      tso_altar, uniq_crazy_yiuf_cottage
D:4:      lemuel_doored_altar, xom_redecorated, first_bread, corner_web_ring

Action                   |  1- 3 |  4- 6 || total
-------------------------+-------+-------++-------
Melee: Unarmed           |    40 |       ||    40
       Whip              |    53 |   219 ||   272
 Cast: Freeze            |    25 |    35 ||    60
       Throw Frost       |     7 |    10 ||    17
  Use: Potion            |       |     1 ||     1
 Stab: Sleeping          |     1 |     2 ||     3
       Distracted        |       |     1 ||     1
  Eat: Chunk             |     3 |    11 ||    14
